 Dungeon Crawl Stone Soup version 0.30.1-3-gfc49f6343a (webtiles) character file.

Game seed: 12762673540230315608

133511 monsoonserge the Warrior (level 16, -12/240 HPs)
             Began as a Minotaur Berserker on Aug 7, 2023.
             Was the Champion of Trog.
             Blown up by an orb spider (32 damage)
             ... with an orb of destruction
             ... on level 2 of the Spider Nest.
             The game lasted 01:06:40 (20801 turns).

monsoonserge the Warrior (Minotaur Berserker)      Turns: 20801, Time: 01:06:40

Health: -12/240    AC: 26    Str: 34    XL:     16   Next: 60%
Magic:  15/15      EV:  9    Int:  4    God:    Trog [******]
Gold:   1147       SH: 17    Dex: 12    Spells: 15/15 levels left

rFire   . . .        o - +8 trident of Piwkuwk {heavy, rN+}
rCold   . . .        g - +0 tower shield
rNeg    + + .        V - +0 plate armour {rPois}
rPois   +            (helmet restricted)
rElec   .            s - +1 cloak {Stlth+}
rCorr   .            I - +1 pair of gloves
SInv    .            G - +0 pair of boots
Will    ++++.        j - amulet of the Four Winds {rN+ Will+++ Clar} Stlth
                     E - +4 ring of slaying
HPRegen 0.60/turn    N - +6 ring of strength
MPRegen 0.14/turn

%: clarity
@: berserking (expiring), very quick
A: horns 2, retaliatory headbutt
a: Renounce Religion, Berserk, Trog's Hand, Brothers in Arms


You were on level 2 of the Spider Nest.
You worshipped Trog.
Trog was exalted by your worship.
You visited 5 branches of the dungeon, and saw 23 of its levels.
You also visited: Sewer and Bailey.

You collected 2265 gold pieces.
You spent 1118 gold pieces at shops.

Inventory:

Hand Weapons
 o - the +8 trident of Piwkuwk (weapon) {heavy, rN+}
   (You found it on level 3 of the Dungeon)

   rN:        It protects you from negative energy.
Missiles
 c - 9 atropa-tipped darts
 e - 45 poisoned darts (quivered)
 H - 6 javelins
 K - 18 boomerangs
 P - 4 datura-tipped darts
 Q - 9 curare-tipped darts
Armour
 b - the +1 pair of gloves of Winter {rElec rCorr Str+7 Slay-5}
   (You found it on level 7 of the Dungeon)

   Str:       It affects your strength (+7).
   Slay:      It affects your accuracy & damage with ranged weapons and melee
   (-5).
   rElec:     It insulates you from electricity.
   rCorr:     It protects you from acid and corrosion.
 g - a +0 tower shield (worn)
 s - a +1 cloak of stealth (worn)
 G - a +0 pair of boots (worn)
 I - a +1 pair of gloves (worn)
 V - a +0 plate armour of poison resistance (worn)
Jewellery
 j - the amulet of the Four Winds (around neck) {rN+ Will+++ Clar}
   (You bought it in a shop on level 12 of the Dungeon)

   [amulet of nothing]

   rN:        It protects you from negative energy.
   Clar:      It protects you from confusion, rage, mesmerisation and fear.
   Will:      It greatly increases your willpower.
 t - a ring of positive energy
 E - a +4 ring of slaying (left hand)
 J - an amulet of reflection
 N - a +6 ring of strength (right hand)
 S - a +5 ring of evasion
 T - a ring of resist corrosion
 Y - a ring of protection from cold
Wands
 B - a wand of flame (19)
 C - a wand of charming (21)
 R - a wand of light (21)
 U - a wand of polymorph (7)
 W - a wand of iceblast (9)
Scrolls
 d - 3 scrolls of identify
 f - 2 scrolls of vulnerability
 h - 5 scrolls of magic mapping
 i - 4 scrolls of enchant weapon
 m - 8 scrolls of enchant armour
 p - 11 scrolls of teleportation {unknown}
 y - 5 scrolls of poison
 A - a scroll of blinking
 D - 2 scrolls of silence
 F - 4 scrolls of immolation
 O - 2 scrolls of fear
 X - 2 scrolls of brand weapon
Potions
 a - 4 potions of cancellation
 k - a potion of lignification
 l - 7 potions of ambrosia
 n - 7 potions of attraction
 q - 6 potions of heal wounds
 r - 5 potions of might
 u - 7 potions of mutation
 v - 3 potions of haste
 w - 6 potions of resistance
 x - 15 potions of curing
 z - 5 potions of invisibility
 L - a potion of magic
 M - 3 potions of berserk rage
 Z - 3 potions of flight


   Skills:
 + Level 19.0 Fighting
 - Level 5.5(10.4) Axes
 - Level 13.5(14.0) Polearms
 + Level 5.5 Throwing
 + Level 18.8 Armour
 + Level 3.9 Dodging
 - Level 2.0 Stealth
 + Level 12.6 Shields
 * Level 4.6 Evocations


You had 15 spell levels left.
You didn't know any spells.
Your spell library contained the following spells:

 Spells                   Type           Power      Damage    Failure   Level
 Shock                    Conj/Air       0%         1d3       99%         1
 Slow                     Hex            0%         N/A       99%         1
 Summon Small Mammal      Summ           0%         N/A       99%         1
 Blink                    Tloc           0%         N/A       100%        2
 Lesser Beckoning         Tloc           0%         N/A       100%        2
 Momentum Strike          Conj/Tloc      0%         3d8       100%        2
 Call Canine Familiar     Summ           0%         N/A       100%        3
 Confusing Touch          Hex            0%         N/A       100%        3
 Dazzling Flash           Conj/Hex       0%         N/A       100%        3
 Ozocubu's Armour         Ice            0%         N/A       100%        3
 Summon Guardian Golem    Hex/Summ       0%         N/A       100%        3
 Swiftness                Air            0%         N/A       100%        3
 Vampiric Draining        Necr           0%         2d6       100%        3
 Vhi's Electric Charge    Tloc/Air       0%         N/A       100%        3
 Volatile Blastmotes      Fire/Tloc      0%         2d10      100%        3
 Airstrike                Air            0%         2d(0-16)  100%        4
 Animate Armour           Summ/Erth      0%         N/A       100%        4
 Iskenderun's Mystic Bla  Conj/Tloc      0%         2d3       100%        4
 Summon Ice Beast         Ice/Summ       0%         N/A       100%        4
 Agony                    Necr           0%         N/A       100%        5
 Arcjolt                  Conj/Air       0%         1d10      100%        5
 Blade Hands              Tmut           0%         N/A       100%        5
 Metabolic Englaciation   Hex/Ice        0%         N/A       100%        5
 Silence                  Hex/Air        0%         N/A       100%        5
 Summon Mana Viper        Hex/Summ       0%         N/A       100%        5
 Iron Shot                Conj/Erth      0%         9d1       100%        6
 Plasma Beam              Fire/Air       0%         2x1d11    100%        6
 Simulacrum               Ice/Necr       0%         N/A       100%        6
 Starburst                Conj/Fire      0%         6d3       100%        6
 Monstrous Menagerie      Summ           0%         N/A       100%        7


Dungeon Overview and Level Annotations

Branches:
Dungeon (12/15)            Temple (0/1) D:6            Lair (5/5) D:8
  Swamp (2/4) Lair:2       Spider (2/4) Lair:3        Slime (0/5) Lair:5
    Orc (2/2) D:12          Sewer (visited)          Bailey (visited)
    Elf: Orc:2

Altars:
Dithmenos
Fedhas
Gozag
Makhleb
Nemelex Xobeh
Okawaru
Sif Muna
Trog
Uskayaw
Vehumet
Wu Jian
Yredelemnul
The Shining One
Jiyva

Shops:
D:1 (   D:4 **   D:12 =

Annotations:
D:3 dig
Abyss:1 Jorgrun


Innate Abilities, Weirdness & Mutations

You have a pair of horns on your head.
You reflexively headbutt those who attack you in melee.


Message History

You impale the demonic crawler!!
The demonic crawler is severely wounded.
The sentinel's mark upon you fades away.
You block the demonic crawler's attack. x3
The demonic crawler hits you but does no damage.
You block the demonic crawler's attack.
The demonic crawler hits you but does no damage.
A redback comes into view.
Press: ? - help, v - describe, . - travel, g - get item
Here: a demonic crawler (heavily wounded, berserk)
Items here: a torpor snail corpse; a demonic crawler corpse; a redback corpse.
The floor.
You puncture the demonic crawler!
The demonic crawler is severely wounded.
You block the entropy weaver's attack.
The entropy weaver hits you but does no damage.
You block the entropy weaver's attack. x2; The demonic crawler hits you!
* * * LOW HITPOINT WARNING * * *
The demonic crawler closely misses you. The demonic crawler misses you.
The jumping spider leaps!
The redback moves out of view.
You impale the demonic crawler!! You headbutt the demonic crawler!
You kill the demonic crawler!
Trog accepts your kill.
You block the entropy weaver's attack. x2
The entropy weaver closely misses you. The entropy weaver barely misses you.
The orb spider weaves a glowing orb of energy.
Your Fighting skill increases to level 19!
An orb of destruction comes into view.
You impale the redback!! You headbutt the redback!
You kill the redback!
Trog accepts your kill.
A culicivora comes into view.
You block the entropy weaver's attack. x4
Unknown command.
You skewer the redback like a kebab!!!
You feel the power of Trog in you as your rage grows.
You kill the redback!
Trog accepts your kill. The orb of destruction hits you!!
You die...

....^.###......#...#....
........^........####..
#........###.....##...
.^#.....###.#........
#.ss......#.........
#..^#....###.#......
#.s#.(.#####<.....
##†.(....##....#..
#@B..#.......#.##^
##○.....#..#####..
##○....#..####....
#.s..#.s..#.###...
##.....^....###...
##.........##....
####.....##.....
##..#..#.#...
###..###....


You could see an entropy weaver, an orb spider, a culicivora and a jumping
spider.

Vanquished Creatures
  Mlioglotl (Spider:1)
  Kirke (Lair:2)
  An emperor scorpion (Spider:1)
  A ghost moth (Lair:3)
  A bunyip (Swamp:1)
  A spark wasp (Spider:1)
  2 entropy weavers
  A jorogumo (Spider:2)
  6 hydras
  2 boulder beetles
  A catoblepas (Lair:5)
  7 two-headed ogres
  2 centaur warriors (D:12)
  A merfolk avatar (Lair:5)
  3 alligators
  3 death yaks (D:8)
  Urug (Orc:2)
  A pharaoh ant (Spider:1)
  Amaemon (Lair:2)
  A goliath frog (Swamp:1)
  A skyshark (Lair:5)
  A swamp dragon (Swamp:1)
  2 bog bodies
  2 harpies (Lair:5)
  A lindwurm (Lair:4)
  A steelbarb worm (Spider:1)
  2 orc knights
  2 cyclopes
  2 manticores
  8 wolf spiders
  A will-o-the-wisp (Swamp:1)
  An ugly thing (D:12)
  2 moths of wrath
  A salamander (Lair:5)
  A torpor snail (Spider:2)
  10 elephants
  2 black mambas (Lair:4)
  An orange demon (Lair:2)
  12 cane toads
  3 demonic crawlers
  7 komodo dragons
  A rime drake (Lair:5)
  5 polar bears
  2 trolls
  6 hornets
  A tyrant leech (Lair:2)
  10 tarantellas
  5 dream sheep (Lair:5)
  15 blink frogs
  2 snapping turtles (Lair:5)
  2 slime creatures (Lair:5)
  8 jumping spiders
  4 culicivoras
  A spriggan (Swamp:1)
  Sigmund (D:2)
  A vampire (D:11)
  6 wyverns
  7 hogs (Lair:2)
  32 yaks
  37 redbacks
  5 basilisks
  2 fire bats (Lair:5)
  2 steam dragons
  Grum (Lair:1)
  8 swamp worms
  2 wargs (Orc:1)
  8 water moccasins
  2 acid dragons
  16 orc warriors
  A swamp drake (Swamp:1)
  2 black bears (D:7)
  2 sky beasts (D:6)
  2 ice beasts
  4 ogres
  4 wolves (Lair:1)
  13 centaurs
  8 kobold brigands
  11 bullfrogs
  3 scorpions
  14 wights
  27 killer bees
  3 howler monkeys
  6 electric eels
  A crimson imp (D:5)
  6 jellies
  4 hounds
  3 gnoll boudas
  11 orc priests
  A sleepcap (D:7)
  4 iguanas
  19 orc wizards
  4 hell rats (D:8)
  12 gnolls
  11 adders
  A river rat (Sewer)
  A shadow imp (D:5)
  2 white imps
  4 ufetubi
  2 worms
  52 orcs
  14 endoplasms
  9 giant cockroaches
  6 goblins
  4 hobgoblins
  8 quokkas
  13 ball pythons
  3 bats
  8 frilled lizards
  24 kobolds
  11 rats
631 creatures vanquished.

Vanquished Creatures (others)
  A redback (Spider:2)
  An orc wizard (D:9)
  An orc (D:9)
  4 foxfires (Swamp:1)
7 creatures vanquished.

Grand Total: 638 creatures vanquished

Notes
Turn   | Place    | Note
-------+----------+-------------------------------------------
     0 | D:1      | monsoonserge the Minotaur Berserker began the quest for the
                  | Orb.
     0 | D:1      | Reached XP level 1. HP: 19/19 MP: 0/0
    66 | D:1      | Found Riuhissele's Antique Weapon Shop.
   134 | D:1      | Reached XP level 2. HP: 27/27 MP: 1/1
   232 | D:1      | Reached skill level 4 in Fighting
   475 | D:1      | Reached ** piety under Trog
   478 | D:1      | Found a faded altar of an unknown god.
   491 | D:1      | Reached XP level 3. HP: 33/33 MP: 2/2
   755 | D:2      | Noticed Sigmund
   765 | D:2      | Killed Sigmund
   766 | D:2      | Reached skill level 5 in Axes
   766 | D:2      | Reached XP level 4. HP: 41/41 MP: 3/3
   766 | D:2      | Reached XP level 5. HP: 47/47 MP: 4/4
   834 | D:2      | Reached skill level 5 in Fighting
   920 | D:2      | Found an ornate altar of the Wu Jian Council.
  1239 | D:3      | Reached skill level 1 in Polearms
  1350 | D:3      | Found a bloodstained altar of Trog.
  1369 | D:3      | Found a glowing golden altar of the Shining One.
  1396 | D:3      | Reached XP level 6. HP: 52/56 MP: 5/5
  1470 | D:3      | Found an opulent altar of Gozag.
  1478 | D:3      | Found an opulent altar of Gozag.
  1478 | D:3      | Found an opulent altar of Gozag.
  1479 | D:3      | Identified the +8 trident of Piwkuwk {heavy, rN+}
  1488 | D:3      | Found an opulent altar of Gozag.
  1509 | D:3      | Found a glowing drain.
  1524 | Sewer    | Entered a sewer
  1588 | Sewer    | Reached *** piety under Trog
  1721 | Sewer    | Found a viscous altar of Jiyva.
  2034 | D:4      | Reached XP level 7. HP: 42/61 MP: 6/6
  2252 | D:4      | Reached skill level 5 in Polearms
  2337 | D:4      | Found Gyneh's Assorted Antiques.
  2572 | D:4      | Found Pamixycofe's CLEARANCE SALE!.
  2580 | D:4      | Bought a wand of charming (6) for 57 gold pieces
  2580 | D:4      | Bought a scroll of silence for 38 gold pieces
  2653 | D:5      | Entered Level 5 of the Dungeon
  2666 | D:5      | Reached skill level 6 in Fighting
  2897 | D:4      | Bought a glowing cloak for 187 gold pieces
  3003 | D:5      | Reached XP level 8. HP: 23/70 MP: 7/7
  3281 | D:5      | Reached **** piety under Trog
  3282 | D:5      | Reached skill level 5 in Armour
  3431 | D:5      | Found a burning altar of Makhleb.
  3714 | D:6      | Found a shadowy altar of Dithmenos.
  3768 | D:6      | Found a staircase to the Ecumenical Temple.
  3772 | D:6      | Reached skill level 1 in Shields
  3776 | D:6      | Reached skill level 1 in Stealth
  3806 | D:6      | Found a hide-covered altar of Uskayaw.
  4120 | D:6      | Reached skill level 10 in Polearms
  4120 | D:6      | Reached XP level 9. HP: 78/78 MP: 8/8
  4777 | D:7      | Reached ***** piety under Trog
  5226 | D:7      | Identified the +1 pair of gloves of Winter {rElec rCorr
                  | Str+7 Slay-5}
  5280 | D:7      | Reached skill level 7 in Fighting
  5783 | D:8      | Noticed a death yak
  5785 | D:8      | Noticed a death yak
  5788 | D:8      | Found a staircase to the Lair.
  5790 | D:8      | Noticed a death yak
  5796 | D:8      | Killed a death yak
  5797 | D:8      | Reached XP level 10. HP: 86/86 MP: 9/9
  5797 | D:8      | Killed a death yak
  5810 | D:8      | Killed a death yak
  5811 | D:8      | Reached skill level 8 in Fighting
  5912 | D:8      | Found a blossoming altar of Fedhas.
  5912 | D:8      | Found a shimmering blue altar of Sif Muna.
  5988 | D:8      | Received a gift from Trog
  6290 | D:9      | Found a sparkling altar of Nemelex Xobeh.
  6381 | D:9      | Noticed a two-headed ogre
  6382 | D:9      | Reached skill level 9 in Fighting
  6395 | D:8      | Reached skill level 10 in Armour
  6617 | D:8      | Killed a two-headed ogre
  6783 | D:9      | Found a radiant altar of Vehumet.
  7616 | D:10     | Entered Level 10 of the Dungeon
  7616 | D:10     | Found an iron altar of Okawaru.
  7621 | D:10     | Reached XP level 11. HP: 99/99 MP: 10/10
  7634 | D:10     | Reached skill level 10 in Fighting
  7716 | D:10     | Found a flagged portal.
  7728 | D:10     | Identified the +0 hand axe "Kycehim" {elec, rC+}
  7737 | Bailey   | Entered a bailey
  7842 | Bailey   | Noticed an orc knight
  7844 | Bailey   | Banished an orc knight
  7858 | Bailey   | Noticed an orc knight
  7873 | Bailey   | Killed an orc knight
  8062 | Bailey   | Found a burning altar of Makhleb.
  8376 | D:10     | Found a basalt altar of Yredelemnul.
  8528 | D:11     | Noticed a two-headed ogre
  8533 | D:11     | Killed a two-headed ogre
  8534 | D:11     | Reached skill level 11 in Fighting
  8561 | D:11     | Identified the +6 mace of Obsession {venom, *Noise MP+9
                  | Int+3}
  8880 | D:11     | Noticed a boulder beetle
  8900 | D:11     | Killed a boulder beetle
  9335 | D:11     | Received a gift from Trog
  9342 | D:11     | Reached skill level 12 in Fighting
  9492 | D:12     | Noticed a green ugly thing
  9499 | D:11     | Banished a green ugly thing
  9680 | D:12     | Noticed a two-headed ogre
  9682 | D:12     | Noticed a centaur warrior
  9685 | D:12     | Killed a two-headed ogre
  9686 | D:12     | Reached XP level 12. HP: 113/113 MP: 11/11
  9688 | D:12     | Killed a centaur warrior
  9702 | D:12     | Reached skill level 13 in Fighting
  9846 | D:12     | Found a staircase to the Orcish Mines.
  9892 | D:12     | Noticed a two-headed ogre
  9898 | D:12     | Killed a two-headed ogre
  9972 | D:12     | Noticed Jorgrun
  9979 | D:12     | Banished Jorgrun
 10080 | D:12     | Noticed a two-headed ogre
 10084 | D:12     | Killed a two-headed ogre
 10154 | D:12     | Noticed a centaur warrior
 10165 | D:12     | Killed a centaur warrior
 10166 | D:12     | Reached skill level 14 in Fighting
 10303 | D:12     | Found Bunuss's Jewellery Shoppe.
 10311 | D:12     | Bought the amulet of the Four Winds {rN+ Will+++ Clar} for
                  | 789 gold pieces
 10311 | D:12     | Found the amulet of the Four Winds {rN+ Will+++ Clar}
 10556 | Lair:1   | Entered Level 1 of the Lair of Beasts
 10628 | Lair:1   | Noticed Grum
 10634 | Lair:1   | Reached skill level 1 in Throwing
 10639 | Lair:1   | Received a gift from Trog
 10648 | Lair:1   | Killed Grum
 10730 | Lair:1   | Found a blossoming altar of Fedhas.
 11484 | Lair:2   | Reached skill level 15 in Armour
 11838 | Lair:2   | Noticed Amaemon
 11852 | Lair:2   | Killed Amaemon
 11962 | Lair:2   | Reached skill level 15 in Fighting
 12429 | Lair:2   | Found a staircase to the Swamp.
 12769 | Lair:3   | Noticed an eight-headed hydra
 12927 | Orc:1    | Entered Level 1 of the Orcish Mines
 12928 | Orc:1    | Noticed a two-headed ogre
 12936 | Orc:1    | Reached XP level 13. HP: 114/127 MP: 12/12
 13205 | Orc:1    | Reached skill level 1 in Evocations
 13452 | Orc:2    | Entered Level 2 of the Orcish Mines
 13470 | Orc:1    | Received a gift from Trog
 13554 | Orc:2    | Noticed Urug
 13561 | Orc:2    | Reached ****** piety under Trog
 13562 | Orc:2    | Killed Urug
 14093 | D:4      | Bought a silvery potion for 22 gold pieces
 14093 | D:4      | Bought a scroll labelled ENTIRCH ITHRE for 25 gold pieces
 14138 | D:5      | Reached skill level 16 in Fighting
 14138 | D:5      | Reached XP level 14. HP: 138/138 MP: 13/13
 14139 | D:5      | Reached XP level 15. HP: 146/146 MP: 14/14
 14361 | Lair:3   | Found a hole to the Spider Nest.
 14389 | Lair:3   | You fall into a shaft and drop 1 floor!
 14411 | Lair:4   | Reached skill level 17 in Fighting
 15692 | Lair:5   | Entered Level 5 of the Lair of Beasts
 15938 | Lair:5   | Received a gift from Trog
 16041 | Spider:1 | Entered Level 1 of the Spider Nest
 16841 | Spider:1 | Reached skill level 18 in Fighting
 17528 | Spider:1 | Noticed Mlioglotl
 17541 | Spider:1 | Killed Mlioglotl
 17541 | Spider:1 | Received a gift from Trog
 17542 | Spider:1 | Reached skill level 5 in Throwing
 17958 | Spider:1 | Noticed an emperor scorpion
 17972 | Spider:1 | Killed an emperor scorpion
 18248 | Swamp:1  | Entered Level 1 of the Swamp
 18251 | Swamp:1  | Noticed Kirke
 18264 | Lair:2   | Reached XP level 16. HP: 127/159 MP: 15/15
 18350 | Swamp:1  | Noticed a sphinx
 18353 | Lair:2   | Reached skill level 10 in Shields
 18366 | Lair:2   | Killed Kirke
 19564 | Lair:5   | Found a viscous altar of Jiyva.
 19565 | Lair:5   | Found a staircase to the Slime Pits.
 19805 | Lair:5   | Received a gift from Trog
 20082 | Lair:5   | Identified the +1 trident of Parts Unknown {pain, rN+
                  | Int+2}
 20800 | Spider:2 | Reached skill level 19 in Fighting
 20801 | Spider:2 | Blown up by an orb spider

Illustrated notes

Levels and vault maps discovered:
D:1:      scummos_arrival_star, layout_loops_ring, shapermc_ecumenical_altar_gd,
          serial_shops, nicolae_shop_just_a_little_nook,
          nicolae_figureground_pulse
D:2:      layout_basic, basic_altar, dreamdust_mushroom_princess, hex_large,
          uniq_sigmund
D:3:      layout_rooms, general_overflow_altar, mainiacjoe_overflow_chevrons,
          nicolae_gozag_conspicuous_consumption, serial_glass, glass_columns_a,
          glass_columns_a, minmay_strange_pillars, due_unseen_surprise,
          feat_on_display, portal_sewer_entry_b, kennysheep_generic_room_10
D:4:      layout_loops_ring, serial_shops, shop, nicolae_shop_clearance
D:5:      layout_loops_cross, makhleb_grotto_becter, reono_crystal_passage
D:6:      minmay_inner_zag, layout_cave_pools, lemuel_round_altar,
          mainiacjoe_overflow_24_doors, minmay_temple_entry_crystal_x
D:7:      layout_loops_corners, minmay_puff
D:8:      layout_cave_pools, gammafunk_temple_overflow_statue,
          dpeg_lair_monsters, minmay_circle_x
D:9:      layout_basic, mainiacjoe_overflow_cross_hatched, lemuel_tele_altar,
          kennysheep_decorative_pillar
D:10:     layout_rooms, mainiacjoe_overflow_boulevard,
          yredelemnul_altar_generic, enter_bailey_2
D:11:     layout_roguey, special_room [special_room_bee]
D:12:     layout_cave_pools, minmay_orc_entry_temple_small, serial_shops,
          nicolae_shop_peninsula, uniq_jorgrun
Lair:1:   layout_long_grid, basic_altar, uniq_grum
Lair:2:   layout_cave_pods, nicolae_swamp_entry_splash_gauntlet, uniq_amaemon
Lair:3:   layout_chaotic_city, spider_nest_entry_webs, grunt_megastairs_5
Lair:4:   layout_regular_city, columned_hall_lemuel, st_stairs_10
Lair:5:   gammafunk_lair_ancient_temple, layout_gridlike,
          minmay_slime_entry_pillars, lemuel_fruit_tree
Swamp:1:  layout_basic_swamp, evilmike_swamp_ruin_house_2, uniq_kirke
Swamp:2:  layout_falls_marsh, evilmike_swamp_ruin_house_6, swamp_pool3,
          nicolae_swamp_frolicking_bunyips
Spider:1: layout_spider_delve, drop_trap, nicolae_spider_nooks_and_crannies,
          uniq_mlioglotl
Spider:2: layout_spider_delve, nicolae_spider_cling_halls
Orc:1:    layout_diamond_mine
Orc:2:    grunt_orc_cross, layout_caves, uniq_urug

Skill      XL: |  1  2  3  4  5  6  7  8  9 10 11 12 13 14 15 16 |
---------------+-------------------------------------------------+-----
Axes           | 4 5 |  5.5
Fighting       | 4 5 6 7 9 12 15 16 18 19 | 19.0
Armour         | 3 4 6 7 10 13 15 16 18 | 18.8
Dodging        | 3 |  3.9
Polearms       | 1 4 7 10 13 | 13.5
Shields        | 1 2 4 6 9 12 | 12.6
Stealth        | 1 2 |  2.0
Throwing       | 2 3 4 5 |  5.5
Evocations     | 2 3 4 |  4.6

Action                     |  1- 3 |  4- 6 |  7- 9 | 10-12 | 13-15 | 16-18 || total
---------------------------+-------+-------+-------+-------+-------+-------++-------
  Melee: Hand axe          |    74 |       |       |       |       |       ||    74
         Headbutt          |    10 |    14 |    21 |    60 |    84 |    46 ||   235
         Halberd           |       |   124 |   193 |   429 |    97 |       ||   843
         Trident           |       |       |       |       |   311 |   250 ||   561
  Throw: Dart              |       |       |       |     3 |    12 |     2 ||    17
         Boomerang         |       |       |       |       |     5 |     5 ||    10
 Invoke: Berserk           |     1 |       |     1 |       |     2 |     1 ||     5
  Evoke: Wand              |       |       |       |       |       |     1 ||     1
    Use: Scroll            |       |       |       |       |    23 |     2 ||    25
         Potion            |       |       |       |       |     2 |       ||     2
 Armour: Chain mail        |    46 |    61 |    41 |       |       |       ||   148
         Plate armour      |       |       |     5 |   255 |   274 |   130 ||   664
  Dodge: Dodged            |    34 |    50 |    52 |   126 |   166 |    51 ||   479
  Block: Other             |       |       |    23 |    68 |       |       ||    91
         Reflection        |       |       |       |    15 |       |       ||    15
         Tower shield      |       |       |       |       |    94 |   213 ||   307
         Buckler           |       |       |       |       |    53 |       ||    53
